AoeStats
← MrStormyZ

Arena

508361419Analyzed
3v3 RM · 12d ago on Sep 22, 2026· 91m 0s· 6 players
Game mode
Random Map
Map size
Normal (6 player)
Population
200
Speed
Normal
Resources
Standard
Victory
Conquest
Starting age
Dark Age
Ending age
Imperial Age
RankedLock teamsTeams togetherTeam positionsShared explorationLock speedFull tech treeHidden civsTurbo modeCheats
Victory
Defeat
🇺🇾 Japanese · Uruguay
1187
+8
🇨🇱 Burgundians · Chile
1102
+10
🇨🇴 Franks · Colombia
854
+21
🇦🇺 Mongols · Australia
1085
-17
🇺🇸 Franks · United States
1027
-27
🇮🇳 Hindustanis · India
796
-7
LRIN_kinhonor83
6:51 Loom
8:51 Loom
12:27 Feudal Age
13:08 Double-Bit Axe
17:19 Wheelbarrow
21:55 Gold Mining
22:46 Forging
22:43 Scale Barding Armor
24:58 Castle Age
22:28 Man-at-Arms
23:00 Arson
25:53 Husbandry
26:56 Bow Saw
29:36 Gold Shaft Mining
28:52 Stone Mining
29:31 Long Swordsman
30:19 Scale Mail Armor
31:16 Chain Barding Armor
31:41 Light Cavalry
33:01 Iron Casting
32:46 Devotion
34:16 Pikeman
34:57 Squires
34:47 Gambesons
37:20 Heresy
38:38 Gambesons
44:04 Imperial Age
41:24 Town Watch
41:27 Elite Skirmisher
42:30 Padded Archer Armor
45:01 Cavalier
46:51 Blast Furnace
47:40 Paladin
49:41 Plate Barding Armor
57:19 Hand Cart
57:05 Town Patrol
58:50 Ballistics
58:47 Fortified Wall
61:24 Chemistry
72:16 Halberdier
72:42 Two-Handed Swordsman
78:09 Siphons
82:10 Chivalry
83:34 Champion
LRNI | Moises
8:50 Double-Bit Axe
8:54 Horse Collar
10:18 Wheelbarrow
11:56 Feudal Age
13:04 Town Watch
13:10 Town Watch
13:37 Loom
16:06 Castle Age
14:31 Bow Saw
14:38 Gold Mining
18:59 Heavy Plow
19:43 Husbandry
19:55 Forging
21:59 Scale Barding Armor
25:06 Hand Cart
26:01 Crop Rotation
27:13 Iron Casting
28:11 Gold Shaft Mining
28:32 Chain Barding Armor
32:23 Stone Mining
36:44 Imperial Age
35:37 Town Patrol
35:57 Cavalier
38:08 Conscription
39:17 Chemistry
39:19 Fletching
39:29 Padded Archer Armor
41:20 Blast Furnace
40:19 Elite Skirmisher
42:20 Plate Barding Armor
41:35 Paladin
43:26 Two-Man Saw
46:18 Bodkin Arrow
46:38 Leather Archer Armor
53:44 Light Cavalry
54:39 Hussar
56:13 Bracer
58:01 Scale Mail Armor
64:47 Bombard Tower
72:19 Chain Mail Armor
73:00 Burgundian Vineyards
79:26 Treadmill Crane
79:19 Pikeman
79:59 Squires
79:45 Arson
80:31 Plate Mail Armor
80:07 Halberdier
81:22 Ballistics
82:14 Hoardings
81:54 Fortified Wall
81:41 Murder Holes
90:13 Spies/Treason
90:33 Flemish Revolution
LRNI Michel
10:36 Feudal Age
14:31 Castle Age
13:42 Double-Bit Axe
14:21 Horse Collar
27:32 Loom
29:52 Scale Mail Armor
30:02 Forging
32:04 Bow Saw
35:25 Chain Mail Armor
40:00 Wheelbarrow
40:57 Heavy Plow
40:48 Gold Mining
40:50 Stone Mining
41:56 Hand Cart
45:58 Imperial Age
44:22 Iron Casting
45:45 Padded Archer Armor
45:35 Fletching
47:07 Bodkin Arrow
47:27 Leather Archer Armor
48:25 Plate Mail Armor
47:44 Elite Samurai
48:23 Elite Skirmisher
49:39 Thumb Ring
49:52 Leather Archer Armor
49:38 Bracer
49:43 Capped Ram
51:13 Ring Archer Armor
51:33 Pikeman
51:59 Gambesons
52:16 Squires
53:18 Blast Furnace
53:44 Ballistics
53:36 Masonry
53:23 Halberdier
57:39 Conscription
59:10 Arson
59:36 Onager
62:33 Caravan
87:04 Chemistry
85:48 Treadmill Crane
87:29 Kataparuto
quartz
10:28 Feudal Age
11:59 Loom
14:50 Castle Age
15:39 Double-Bit Axe
23:33 Stone Mining
25:20 Husbandry
25:32 Scale Barding Armor
33:54 Murder Holes
34:05 Light Cavalry
42:53 Scale Mail Armor
50:28 Pikeman
57:29 Squires
57:40 Gold Mining
64:33 Forging
64:39 Chain Mail Armor
73:32 Imperial Age
76:17 Gold Shaft Mining
76:49 Halberdier
MasterEel
10:23 Feudal Age
15:41 Castle Age
14:05 Horse Collar
14:10 Double-Bit Axe
21:24 Wheelbarrow
21:58 Loom
24:13 Hand Cart
27:00 Town Watch
29:59 Imperial Age
27:18 Town Watch
28:15 Heavy Plow
29:13 Bow Saw
30:52 Thumb Ring
30:39 Fletching
30:15 Onager
31:41 Siege Engineers
32:39 Elite Mangudai
33:27 Husbandry
33:37 Bloodlines
33:43 Bodkin Arrow
34:59 Drill
35:26 Conscription
36:02 Bracer
36:38 Ballistics
37:19 Chemistry
36:37 Siege Onager
39:03 Padded Archer Armor
39:16 Light Cavalry
44:05 Hussar
44:53 Scale Barding Armor
44:59 Forging
45:04 Leather Archer Armor
47:53 Iron Casting
47:38 Chain Barding Armor
53:17 Blast Furnace
56:02 Heavy Camel Rider
69:46 Heavy Scorpion
MrStormyZ
5:12 Loom
10:37 Feudal Age
12:01 Wheelbarrow
11:12 Double-Bit Axe
11:30 Horse Collar
12:57 Gold Mining
13:42 Town Watch
19:16 Castle Age
18:28 Bloodlines
18:15 Stone Mining
19:07 Forging
20:05 Husbandry
20:41 Bow Saw
20:55 Man-at-Arms
22:10 Long Swordsman
40:56 Thumb Ring
42:46 Heavy Plow
43:53 Loom
44:21 Elite Skirmisher
Connection lost

Rejoining the realm…

Still unreachable

The connection could not be restored.

Session expired

The server has moved on; the page needs a fresh start.